PL
ATLANTA SMOKE @ CALIFORNIA OCEANLINERS
09/05/2019
 
TOP OF THE 1ST
Atlanta Smoke batting - Pitching for California Oceanliners : LHP Alec Pittman
Pitching: LHP Alec Pittman
Batting: RHB Nathan Horton 0-0: Called Strike
0-1: Ball
1-1: Ball
2-1: Foul Ball, location: 2F
2-2: SOLO HOME RUN (Flyball, 7D), Distance : 375 ft
Batting: LHB Juan Valdéz 0-0: Called Strike
0-1: Ball
1-1: Called Strike
1-2: SINGLE (Line Drive, 5D)
Batting: RHB Bob Campbell 0-0: Ball
1-0: Ground out 3-1 (Groundball, 34)
Juan Valdéz to second
Batting: RHB David Morales 0-0: Ball
1-0: Ball
Passed Ball!
Juan Valdéz to third
2-0: Called Strike
2-1: Ball
3-1: Base on Balls
Batting: RHB Leandro Tuzzi 0-0: Called Strike
0-1: Called Strike
0-2: Foul Ball, location: 2F
0-2: Ball
1-2: Ball
David Morales steals 2nd base
2-2: Strikes out swinging
Batting: RHB Mal Bussard 0-0: Foul Ball, location: 2F
0-1: Ball
1-1: Ball
Wild Pitch!
Juan Valdéz scores
David Morales to third
2-1: Fly out, F5 (Line Drive, 56)
Top of the 1st over - 2 run(s), 2 hit(s), 0 error(s), 1 left on base; Atlanta 2 - California 0
BOTTOM OF THE 1ST
California Oceanliners batting - Pitching for Atlanta Smoke : RHP Christian Pitts
Pitching: RHP Christian Pitts
Batting: RHB Dave King 0-0: Foul Ball, location: 2F
0-1: Foul Ball, location: 2F
0-2: Ball
1-2: Ball
2-2: SINGLE (Line Drive, 4MD)
Batting: LHB Kelly Brown 0-0: Foul Ball, location: 2F
0-1: Ball
1-1: Foul Ball, location: 2F
1-2: Ball
2-2: Grounds into double play, 4-3-6 (Groundball, 34)
Batting: RHB John Downing 0-0: Ball
1-0: Foul Ball, location: 2F
1-1: Ball
2-1: Ball
3-1: Base on Balls
Batting: LHB Mike Silver 0-0: Ball
1-0: Called Strike
1-1: Foul Ball, location: 2F
1-2: Ball
2-2: Strikes out looking
Bottom of the 1st over - 0 run(s), 1 hit(s), 0 error(s), 1 left on base; Atlanta 2 - California 0
TOP OF THE 2ND
Atlanta Smoke batting - Pitching for California Oceanliners : LHP Alec Pittman
Batting: LHB Mike Blue 0-0: Called Strike
0-1: Swinging Strike
0-2: Foul Ball, location: 2F
0-2: Foul Ball, location: 2F
0-2: Ground out 4-3 (Groundball, 34)
Batting: RHB Hubert Dodson 0-0: Foul Ball, location: 2F
0-1: Called Strike
0-2: Ball
1-2: Strikes out looking
Batting: SHB Christian Pitts 0-0: Ball
1-0: Foul Ball, location: 2F
1-1: Ball
2-1: Foul Ball, location: 2F
2-2: Foul Ball, location: 2F
2-2: SINGLE (Line Drive, 8RS)
Batting: RHB Nathan Horton 0-0: Ball
1-0: Called Strike
1-1: Ground out 1-3 (Groundball, 23)
Top of the 2nd over - 0 run(s), 1 hit(s), 0 error(s), 1 left on base; Atlanta 2 - California 0
BOTTOM OF THE 2ND
California Oceanliners batting - Pitching for Atlanta Smoke : RHP Christian Pitts
Batting: RHB Takeru Sanu 0-0: SINGLE (Groundball, 6MD)
Batting: LHB Tim Hargrove 0-0: Ball
1-0: Ball
2-0: Ground out 4-3 (Groundball, 4MS)
Takeru Sanu to second
Batting: RHB Domingo García 0-0: 2-RUN HOME RUN (Flyball, 78XD), Distance : 376 ft
Batting: LHB Nick Leonard 0-0: Called Strike
0-1: Ball
1-1: Swinging Strike
1-2: Ground out 5-3 (Groundball, 5L)
Batting: LHB Alec Pittman 0-0: Ball
1-0: Fly out, F6 (Line Drive, 6)
Bottom of the 2nd over - 2 run(s), 2 hit(s), 0 error(s), 0 left on base; Atlanta 2 - California 2
TOP OF THE 3RD
Atlanta Smoke batting - Pitching for California Oceanliners : LHP Alec Pittman
Batting: LHB Juan Valdéz 0-0: Called Strike
0-1: Foul Ball, location: 2F
0-2: Strikes out swinging
Batting: RHB Bob Campbell 0-0: Ball
1-0: Foul Ball, location: 2F
1-1: SINGLE (Line Drive, 6MD)
Batting: RHB David Morales 0-0: Ball
1-0: Ball
2-0: Called Strike
2-1: Called Strike
2-2: Fly out, F9 (Flyball, 89D)
Batting: RHB Leandro Tuzzi 0-0: Called Strike
0-1: Foul Ball, location: 2F
0-2: Ball
1-2: Foul Ball, location: 2F
1-2: Foul Ball, location: 2F
1-2: Ground out 5-3 (Groundball, 5)
Top of the 3rd over - 0 run(s), 1 hit(s), 0 error(s), 1 left on base; Atlanta 2 - California 2
BOTTOM OF THE 3RD
California Oceanliners batting - Pitching for Atlanta Smoke : RHP Christian Pitts
Batting: RHB Dave King 0-0: Ball
1-0: Ball
2-0: Called Strike
2-1: Ball
3-1: Foul Ball, location: 2F
3-2: Base on Balls
Batting: LHB Kelly Brown 0-0: DOUBLE (Groundball, 5L)
Dave King to third
Dave King scores
Pinch Runner at 2nd Ilusuarte Viamonte:
Batting: RHB John Downing 0-0: Called Strike
0-1: Ball
1-1: Ground out 5-3 (Groundball, 5)
Batting: LHB Mike Silver 0-0: Ball
1-0: Foul Ball, location: 2F
1-1: Ball
2-1: Fly out, F8 (Flyball, 8LM)
Batting: RHB Takeru Sanu 0-0: Swinging Strike
0-1: Ball
1-1: Ball
2-1: Ground out 5-3 (Groundball, 5S)
Bottom of the 3rd over - 1 run(s), 1 hit(s), 0 error(s), 1 left on base; Atlanta 2 - California 3
TOP OF THE 4TH
Atlanta Smoke batting - Pitching for California Oceanliners : LHP Alec Pittman
Now at C: Ilusuarte Viamonte
Batting: RHB Mal Bussard 0-0: Called Strike
0-1: SINGLE (Line Drive, 34)
Batting: LHB Mike Blue 0-0: Swinging Strike
0-1: Called Strike
0-2: Ball
1-2: Foul Ball, location: 2F
1-2: Foul Ball, location: 2F
1-2: Strikes out swinging
Batting: RHB Hubert Dodson 0-0: Swinging Strike
0-1: Ball
1-1: Ball
2-1: Swinging Strike
2-2: Strikes out looking
Batting: SHB Christian Pitts 0-0: Swinging Strike
0-1: Called Strike
0-2: Foul Ball, location: 2F
0-2: Strikes out looking
Top of the 4th over - 0 run(s), 1 hit(s), 0 error(s), 1 left on base; Atlanta 2 - California 3
BOTTOM OF THE 4TH
California Oceanliners batting - Pitching for Atlanta Smoke : RHP Christian Pitts
Batting: LHB Tim Hargrove 0-0: Swinging Strike
0-1: Called Strike
0-2: Foul Ball, location: 2F
0-2: Fly out, F7 (Flyball, 7LMF)
Batting: RHB Domingo García 0-0: Ball
1-0: Called Strike
1-1: Foul Ball, location: 2F
1-2: Foul Ball, location: 2F
1-2: Strikes out swinging
Batting: LHB Nick Leonard 0-0: Ball
1-0: Ground out 1-3 (Groundball, 23)
Bottom of the 4th over - 0 run(s), 0 hit(s), 0 error(s), 0 left on base; Atlanta 2 - California 3
TOP OF THE 5TH
Atlanta Smoke batting - Pitching for California Oceanliners : LHP Alec Pittman
Batting: RHB Nathan Horton 0-0: Called Strike
0-1: Ball
1-1: SINGLE (Line Drive, 8LS)
Batting: LHB Juan Valdéz 0-0: Called Strike
Nathan Horton is caught stealing 2nd base
0-1: Foul Ball, location: 2F
0-2: Ball
1-2: Ball
2-2: DOUBLE (Flyball, 89M)
Batting: RHB Bob Campbell 0-0: Called Strike
0-1: Ground out 5-3 (Groundball, 56)
Batting: RHB David Morales 0-0: Ball
1-0: Called Strike
1-1: Called Strike
1-2: Foul Ball, location: 2F
1-2: Ball
2-2: Strikes out swinging
Top of the 5th over - 0 run(s), 2 hit(s), 0 error(s), 1 left on base; Atlanta 2 - California 3
BOTTOM OF THE 5TH
California Oceanliners batting - Pitching for Atlanta Smoke : RHP Christian Pitts
Batting: LHB Alec Pittman 0-0: Ball
1-0: SINGLE (Groundball, 15) (infield hit)
Batting: RHB Dave King 0-0: Foul Ball, location: 2F
0-1: Swinging Strike
0-2: Ball
1-2: Ball
2-2: 2-RUN HOME RUN (Flyball, 7D), Distance : 365 ft
Batting: RHB Ilusuarte Viamonte 0-0: SINGLE (Line Drive, 6MD)
Batting: RHB John Downing 0-0: Ball
1-0: Grounds into double play, 1-6-3 (Groundball, 15)
Batting: LHB Mike Silver 0-0: Ball
1-0: SINGLE (Line Drive, 34D)
Batting: RHB Takeru Sanu 0-0: Called Strike
0-1: Called Strike
0-2: Ball
Mike Silver is caught stealing 2nd base
Bottom of the 5th over - 2 run(s), 4 hit(s), 0 error(s), 0 left on base; Atlanta 2 - California 5
TOP OF THE 6TH
Atlanta Smoke batting - Pitching for California Oceanliners : LHP Alec Pittman
Batting: RHB Leandro Tuzzi 0-0: Ball
1-0: Swinging Strike
1-1: Foul Ball, location: 2F
1-2: Ball
2-2: Ball
3-2: Foul Ball, location: 2F
3-2: Base on Balls
Batting: RHB Mal Bussard 0-0: Foul Ball, location: 2F
0-1: Ball
1-1: Foul Ball, location: 2F
1-2: Ball
2-2: Foul Ball, location: 2F
2-2: Foul Ball, location: 2F
2-2: Fly out, F4 (Line Drive, 34)
2-2: Fly out, F4 (Line Drive, 34)
Batting: LHB Mike Blue 0-0: Ball
1-0: Ball
2-0: Foul Ball, location: 2F
2-1: Foul Ball, location: 2F
2-2: Foul Ball, location: 2F
2-2: Strikes out swinging
Batting: RHB Hubert Dodson 0-0: Ball
1-0: Ball
2-0: Swinging Strike
2-1: Fly out, F5 (Popup, 56S)
Top of the 6th over - 0 run(s), 0 hit(s), 0 error(s), 1 left on base; Atlanta 2 - California 5
BOTTOM OF THE 6TH
California Oceanliners batting - Pitching for Atlanta Smoke : RHP Christian Pitts
Batting: RHB Takeru Sanu 0-0: Fly out, F8 (Flyball, 8RXD)
Batting: LHB Tim Hargrove 0-0: Ball
1-0: Ball
2-0: Called Strike
2-1: Foul Ball, location: 2F
2-2: Ground out 3-1 (Groundball, 3)
Batting: RHB Domingo García 0-0: Ball
1-0: Foul Ball, location: 2F
1-1: Ball
2-1: Ball
3-1: Called Strike
3-2: Foul Ball, location: 2F
3-2: Foul Ball, location: 2F
3-2: Foul Ball, location: 2F
3-2: SINGLE (Groundball, 56D)
Batting: LHB Nick Leonard 0-0: Ground out 4-3 (Groundball, 4)
Bottom of the 6th over - 0 run(s), 1 hit(s), 0 error(s), 1 left on base; Atlanta 2 - California 5
TOP OF THE 7TH
Atlanta Smoke batting - Pitching for California Oceanliners : LHP Alec Pittman
Pinch Hitting: RHB Calvin Fleming 0-0: DOUBLE (Line Drive, 78D)
Pitching: RHP Ole Kos
Now in CF: Raúl Hernández
Batting: RHB Nathan Horton 0-0: Called Strike
0-1: Foul Ball, location: 2F
0-2: Ball
1-2: Ground out 1-3 (Groundball, 13S)
Calvin Fleming to third
Batting: LHB Juan Valdéz 0-0: Ball
1-0: Called Strike
1-1: DOUBLE (Flyball, 8RXD)
Calvin Fleming scores
Batting: RHB Bob Campbell 0-0: Ball
1-0: Ball
2-0: Called Strike
2-1: DOUBLE (Flyball, 9D)
Juan Valdéz scores
Pinch Hitting: RHB Russell Jackson 0-0: Called Strike
0-1: Foul Ball, location: 2F
0-2: 2-RUN HOME RUN (Flyball, 7D), Distance : 350 ft
Pitching: RHP Larry Lee
Batting: RHB Leandro Tuzzi 0-0: Ground out 1-3 (Groundball, 13S)
Batting: RHB Mal Bussard 0-0: Foul Ball, location: 2F
0-1: Ball
1-1: Ball
2-1: DOUBLE (Line Drive, 89M)
Batting: LHB Mike Blue 0-0: Called Strike
0-1: Ball
1-1: Foul Ball, location: 2F
1-2: Strikes out swinging
Top of the 7th over - 4 run(s), 5 hit(s), 0 error(s), 1 left on base; Atlanta 6 - California 5
BOTTOM OF THE 7TH
California Oceanliners batting - Pitching for Atlanta Smoke : RHP Christian Pitts
Pitching: RHP Josef van der Poel
Now at 1B: Russell Jackson
Now at 3B: Joe Runyon
Batting: RHB Raúl Hernández 0-0: Swinging Strike
0-1: Called Strike
0-2: Fly out, F8 (Flyball, 8LD)
Batting: RHB Dave King 0-0: Called Strike
0-1: Ball
1-1: Foul Ball, location: 2F
1-2: Ball
2-2: Foul Ball, location: 2F
2-2: Foul Ball, location: 2F
2-2: Ball
3-2: Foul Ball, location: 2F
3-2: Ground out 1-3 (Groundball, 15S)
Batting: RHB Ilusuarte Viamonte 0-0: Called Strike
0-1: Ball
1-1: Ball
2-1: Swinging Strike
2-2: Ball
3-2: Foul Ball, location: 2F
3-2: Strikes out swinging
Bottom of the 7th over - 0 run(s), 0 hit(s), 0 error(s), 0 left on base; Atlanta 6 - California 5
TOP OF THE 8TH
Atlanta Smoke batting - Pitching for California Oceanliners : RHP Larry Lee
Batting: RHB Hubert Dodson 0-0: Foul Ball, location: 2F
0-1: Called Strike
0-2: Strikes out looking
Batting: RHB Joe Runyon 0-0: Ball
1-0: Foul Ball, location: 2F
1-1: Foul Ball, location: 2F
1-2: Ball
2-2: Strikes out swinging
Batting: RHB Nathan Horton 0-0: Called Strike
0-1: Foul Ball, location: 2F
0-2: Fly out, F6 (Line Drive, 6M)
Top of the 8th over - 0 run(s), 0 hit(s), 0 error(s), 0 left on base; Atlanta 6 - California 5
BOTTOM OF THE 8TH
California Oceanliners batting - Pitching for Atlanta Smoke : RHP Josef van der Poel
Pitching: RHP Fred Pitts
Batting: RHB John Downing 0-0: Called Strike
0-1: Fly out, F8 (Flyball, 8RD)
Pitching: LHP José Guerrero
Batting: LHB Mike Silver 0-0: Ball
1-0: Ball
2-0: Ball
3-0: Base on Balls
Pitching: RHP Mike Farrell
Batting: RHB Takeru Sanu 0-0: Ball
1-0: SINGLE (Line Drive, 89M)
Mike Silver to second
Pinch Hitting: LHB Cristo Nieto 0-0: Called Strike
0-1: Fly out, F7 (Flyball, 7M)
Batting: RHB Domingo García 0-0: Called Strike
0-1: Fly out, F4 (Popup, 3D)
Bottom of the 8th over - 0 run(s), 1 hit(s), 0 error(s), 2 left on base; Atlanta 6 - California 5
TOP OF THE 9TH
Atlanta Smoke batting - Pitching for California Oceanliners : RHP Larry Lee
Pitching: RHP Ted Locke
Batting: LHB Juan Valdéz 0-0: Ball
1-0: Fly out, F7 (Flyball, 78M)
Batting: RHB Bob Campbell 0-0: Ball
1-0: DOUBLE (Flyball, 8RXD)
Batting: RHB Russell Jackson 0-0: Ball
1-0: Called Strike
1-1: Ball
2-1: Ground out 6-3 (Groundball, 6M)
Bob Campbell to third
Batting: RHB Leandro Tuzzi 0-0: Called Strike
0-1: Ball
1-1: Called Strike
1-2: Fly out, F4 (Line Drive, 4)
Top of the 9th over - 0 run(s), 1 hit(s), 0 error(s), 1 left on base; Atlanta 6 - California 5
BOTTOM OF THE 9TH
California Oceanliners batting - Pitching for Atlanta Smoke : RHP Mike Farrell
Pitching: LHP Sylvain Jolly
Now in RF: Bernardo Elías
Pinch Hitting: RHB Kyle Taylor 0-0: SINGLE (Line Drive, 78S)
Batting: RHB Raúl Hernández 0-0: Swinging Strike
0-1: Foul Ball, location: 2F
0-2: Foul Ball, location: 2F
0-2: Ball
1-2: Grounds into double play, 6-4-3 (Groundball, 6)
Batting: RHB Dave King 0-0: Called Strike
0-1: Called Strike
0-2: Ground out 6-3 (Groundball, 6)
Bottom of the 9th over - 0 run(s), 1 hit(s), 0 error(s), 0 left on base; Atlanta 6 - California 5
This league is powered by Out of the Park Baseball, the baseball management simulation game for PC, Mac and Linux
Saturday, July 25th, 2015 - OOTP Baseball 15.6 Build 34